 Dungeon Crawl Stone Soup version 0.28.0-1-gb440e238dd (webtiles) character file.

Game seed: 6236553150978555434

90 zeram the Sneak (level 4, 0/29 HPs)
             Began as an Octopode Brigand on Feb 24, 2022.
             Slain by a goblin (6 damage)
             ... led by Robin
             ... on level 2 of the Dungeon.
             The game lasted 00:02:10 (1650 turns).

zeram the Sneak (Octopode Brigand)                  Turns: 1650, Time: 00:02:11

Health: 0/29       AC:  1    Str: 10    XL:     4   Next: 56%
Magic:  4/4        EV: 13    Int: 15    God:
Gold:   72         SH:  0    Dex: 13    Spells: 3/3 levels left

rFire   . . .      SeeInvis .   a - +2 dagger
rCold   . . .      Faith    .   (no shield)
rNeg    . . .      Spirit   .   (helmet restricted)
rPois   .          Reflect  .   (no amulet)
rElec   .          Harm     .   (no ring)
rCorr   .          Rampage  .   (no ring)
Will    .....                   (no ring)
Stlth   +++++.....              (no ring)
HPRegen 0.09/turn               (no ring)
MPRegen 0.09/turn               (no ring)
                                (no ring)
                                (no ring)

@: no status effects
A: almost no armour, amphibious, 8 rings, camouflage 1, gelatinous body 1,
(nimble swimmer 1), tentacles
a: no special abilities


You were on level 2 of the Dungeon.
You visited 1 branch of the dungeon, and saw 2 of its levels.

You collected 72 gold pieces.

Inventory:

Hand Weapons
 a - a +2 dagger (weapon)
 d - a +0 dagger of flaming
Missiles
 b - 8 poisoned darts (quivered)
 c - 2 curare-tipped darts
Jewellery
 h - a +6 ring of intelligence
Scrolls
 e - a scroll of teleportation {unknown}
 g - 4 scrolls of identify {unknown}
 i - a scroll of holy word {unknown}
 j - a scroll of vulnerability {unknown}
Potions
 f - 2 potions of curing {unknown}


   Skills:
 - Level 2.0 Fighting
 + Level 2.6 Short Blades
 - Level 2.0 Throwing
 + Level 1.4 Dodging
 + Level 7.5 Stealth


You had 3 spell levels left.
You didn't know any spells.
Your spell library was empty.

Dungeon Overview and Level Annotations

Branches:
Dungeon (2/15)

Altars:

Annotations:
D:2 Robin


Innate Abilities, Weirdness & Mutations

You cannot wear most types of armour.
You are amphibious.
You can wear up to eight rings at the same time.
Your skin changes colour to match your surroundings (Stealth+).
Your rubbery body absorbs attacks. (AC +1, EV +1)
((You are camouflaged when in or above water. (Stealth+)))
You have tentacles for arms and can constrict up to eight enemies at once.


Message History

Key pressed, stopping explore.
Things that are here:
a +0 club; a goblin skeleton The hobgoblin shouts!
You hear a shout!
There are monsters nearby!
There are monsters nearby!
There are monsters nearby!
The hobgoblin shouts! x2; You hear a shout!
A goblin comes into view. It is wielding a +0 dagger.
Robin of the Strong Arm comes into view.
They are wielding a +0 dagger.
A goblin, a hobgoblin and a rat come into view.
A goblin comes into view. It is wielding a +0 dagger.
Robin roars a battlecry!
The goblins go into a battle-frenzy!
The goblin shouts!
The hobgoblin hits you.
The goblin shouts! x2
You hit the hobgoblin. Your grab misses the hobgoblin.
You squeeze the hobgoblin.
You kill the hobgoblin!
Robin points. "Kill!"
Robin throws the goblin at you! The goblin barely misses you.
You hit the goblin.
You kill the goblin!
The hobgoblin closely misses you. The hobgoblin hits you.
Robin throws the goblin at you! The goblin hits you with a +0 dagger.
The hobgoblin hits you.
Robin's bangles clink loudly.
The hobgoblin closely misses you.
Robin's horned helmet rattles.
The goblin closely misses you.
You miss the goblin. You grab the goblin. You constrict the goblin.
The goblin barely misses you. Robin throws the goblin at you!
The goblin hits you with a +0 dagger.
* * * LOW HITPOINT WARNING * * *
You hit the goblin but do no damage.
The goblin is heavily wounded.
You constrict the goblin. The goblin hits you but does no damage.
The goblin hits you with a +0 dagger.
You die...

...# #.##.#
#......# ...#
#..#.#
#......# .###
##...#
#......# .#
###.#
#......# .#
#.# ##...###
.## #)# #.#.#
..# #.#
##.#.# ..#
#.###..#g#
..#
#...#.##@#
..#
#.#...##g#
..#
##....###g#
###
#..##..##g###
#####
#..###).grg.#
....# #..#
#..gg..#
....# ##..#
##†....#
....###...#
#.....#
.........##
#.....#


You could see 3 hobgoblins, 5 goblins and a rat.

Vanquished Creatures
  A hound (D:2)
  A hound skeleton (D:2)
  3 dart slugs (D:2)
  3 endoplasms (D:1)
  8 goblins
  4 hobgoblins (D:2)
  3 quokkas
  3 ball pythons
  2 bats
  5 frilled lizards
  2 kobolds (D:1)
  7 rats
42 creatures vanquished.

Notes
Turn   | Place    | Note
-------+----------+-------------------------------------------
     0 | D:1      | zeram the Octopode Brigand began the quest for the Orb.
     0 | D:1      | Reached XP level 1. HP: 14/14 MP: 1/1
   308 | D:1      | Reached XP level 2. HP: 19/19 MP: 2/2
   359 | D:1      | Reached skill level 6 in Stealth
   915 | D:2      | Reached XP level 3. HP: 21/24 MP: 3/3
  1093 | D:2      | Found a faded altar of an unknown god.
  1314 | D:2      | Reached skill level 7 in Stealth
  1314 | D:2      | Reached XP level 4. HP: 25/29 MP: 4/4
  1638 | D:2      | Noticed Robin
  1650 | D:2      | Slain by a goblin

Illustrated notes

Levels and vault maps discovered:
D:1:      roderic_dead_forest, layout_basic
D:2:      layout_rooms, ebering_ecumenical_altar_mist, uniq_robin

Skill      XL: |  1  2  3 |
---------------+----------+-----
Stealth        | 6 7 |  7.5
Fighting       | |  2.0
Short Blades   | |  2.6
Throwing       | |  2.0
Dodging        | |  1.4

Action                   |  1- 3 |  4- 6 || total
-------------------------+-------+-------++-------
Melee: Dagger            |    50 |    17 ||    67
       Constrict         |    13 |     4 ||    17
       Tentacles         |    10 |     1 ||    11
  Use: Scroll            |     1 |       ||     1
       Potion            |     1 |       ||     1
 Stab: Sleeping          |    13 |     7 ||    20
Armor: Skin              |     2 |     1 ||     3
Dodge: Dodged            |    27 |     8 ||    35
